 Dungeon Crawl Stone Soup version 0.20-a0-1040-gfd09691 (webtiles) character file.

522 Gorglomux the Ruffian (level 7, -1/55 HPs)
             Began as a Ghoul Artificer on Apr 23, 2017.
             Slain by a hornet (3 damage)
             ... on level 4 of the Dungeon.
             The game lasted 00:08:23 (4371 turns).

Gorglomux the Ruffian (Ghoul Artificer)             Turns: 4371, Time: 00:08:23

Health: -1/55      AC:  5    Str: 16    XL:     7   Next: 22%
Magic:  8/8        EV: 11    Int:  6    God:
Gold:   232        SH:  0    Dex: 11    Spells: 6/6 levels left

rFire    . . .     SeeInvis .     - Unarmed
rCold    + . .     Gourm    .   (no shield)
rNeg     + + +     Faith    .   v - +0 leather armour
rPois    ∞         Spirit   .   (no helmet)
rElec    .         Reflect  .   i - +0 cloak
rCorr    .         Harm     .   (no gloves)
MR       .....                  k - +0 pair of boots
Stlth    +.........             (no amulet)
Regen    0.0/turn               l - ring of wizardry {Wiz+, !d}
MPRegen  0.2/turn               (no ring)

@: rotting
A: rotting body, claws 1, carnivore 3, cold resistance 1, negative energy
resistance 3, inhibited regeneration, torment resistance, unbreathing
a: no special abilities


You were on level 4 of the Dungeon.
You were not hungry.

You visited 1 branch of the dungeon, and saw 4 of its levels.

You collected 232 gold pieces.

Inventory:

Hand Weapons
 b - a +4 blowgun
   (You took it off a kobold on level 3 of the Dungeon)
Armour
 i - a +0 cloak (worn)
   (You found it on level 1 of the Dungeon)
 k - a +0 pair of boots (worn)
   (You found it on level 1 of the Dungeon)
 v - a +0 leather armour (worn)
Magical Staves
 F - an uncursed staff of summoning {unknown}
   (You found it on level 4 of the Dungeon)
Jewellery
 l - a ring of wizardry (left claw) {Wiz+, !d}
   (You found it on level 2 of the Dungeon)
Wands
 c - a wand of flame (13/48)
 d - a wand of enslavement (15/24)
 e - a wand of random effects (15/48)
Scrolls
 a - 2 scrolls of noise {unknown}
 g - 2 scrolls of fear {unknown}
 n - a scroll of blinking {unknown}
 o - 2 scrolls of teleportation {unknown}
 q - 4 scrolls of identify {unknown}
 u - a scroll of remove curse {unknown}
 x - a scroll of magic mapping {unknown}
 y - a scroll of random uselessness {unknown}
 E - a scroll of recharging {unknown}
Potions
 j - 3 potions of heal wounds {unknown}
 m - 3 potions of curing {unknown}
 p - a potion of flight {unknown}
 r - 3 potions of might {unknown}
 s - a potion of brilliance {unknown}
 t - 3 potions of lignification {unknown}
 z - a potion of mutation {unknown}
 A - a potion of agility {unknown}
 C - a potion of resistance {unknown}
 D - 2 potions of cancellation {unknown}
Comestibles
 f - 4 meat rations {@e2@e2}
 h - 3 royal jellies
 B - a chunk of flesh {@w0@w0}


   Skills:
 - Level 2.0 Fighting
   Level 0.8 Short Blades
 - Level 1.7 Dodging
 - Level 1.1 Stealth
 + Level 7.8 Unarmed Combat
 - Level 2.6 Evocations


You had 6 spell levels left.
You didn't know any spells.

Dungeon Overview and Level Annotations

Branches:
Dungeon (4/15)
 Temple: D:4-7

Altars:
Qazlal
Trog


Innate Abilities, Weirdness & Mutations

Your body is rotting away.
You thrive on raw meat.
You are immune to poison.
You have sharp fingernails.
You are carnivorous and can eat meat at any time.
Your flesh is cold resistant. (rC+)
You are immune to negative energy. (rN+++)
You do not regenerate when monsters are visible.
You are immune to unholy pain and torment.
You can survive without breathing.


Message History

You regained 7 hp, and now have 21/55 hp.
Eat one of 2 chunks of flesh {@w0@w0}? (ye/n/q)
You eat one of the 2 chunks of flesh {@w0@w0}.
This raw flesh tastes great!
The hobgoblin hits you but does no damage.
You regained 6 hp, and now have 27/55 hp.
The hobgoblin barely misses you.
You scratch the hobgoblin. The hobgoblin completely misses you.
You claw the hobgoblin!
You kill the hobgoblin!
The hobgoblin misses you.
The hobgoblin hits you from afar with a scythe!
The hobgoblin barely misses you.
You take 10 damage, and have 17/55 hp.
You barely miss the hobgoblin. You barely miss the hobgoblin.
The hobgoblin hits you from afar with a scythe.
* * * LOW HITPOINT WARNING * * *
The hobgoblin barely misses you.
You take 4 damage, and have 13/55 hp.
Unknown command.
The hobgoblin barely misses you.
Things that are here:
a scythe; a robe Eat a chunk of flesh {@w0@w0}? (ye/n/q)
You eat the chunk of flesh {@w0@w0}.
This raw flesh tastes great!
You regained 6 hp, and now have 19/55 hp.
You swing at nothing.
You claw the hobgoblin!
You kill the hobgoblin!
The hobgoblin misses you.
Things that are here:
a scythe; a robe The hobgoblin hits you but does no damage.
You claw the hobgoblin!
You kill the hobgoblin!
Items here: )) [[ † a scythe; a robe; a scythe; a robe; a hobgoblin corpse You butcher the hobgoblin corpse.
B - 2 chunks of flesh {@w0@w0}
Items here: )) [[ a scythe; a robe; a scythe; a robe
Things that are here:
a scythe; a robe There isn't anything to butcher here.
Eating one of 2 chunks of flesh {@w0@w0}.
You eat one of the 2 chunks of flesh {@w0@w0}.
This raw flesh tastes great!
You regained 6 hp, and now have 27/55 hp.
You don't know any spells.
Unknown command.
You start resting.
A hound comes into view.
You regained 7 hp, and now have 34/55 hp.
A hound is nearby!
A hound is nearby!
A hornet comes into view.
The hound barks!
The hornet buzzes angrily.
The hornet moves out of view.
You scratch the hound. The hound bites you.
You take 5 damage, and have 29/55 hp.
You are too injured to fight recklessly!
You are too injured to fight recklessly!
The hound bites you.
You take 3 damage, and have 26/55 hp.
The hound misses you.
Items here: )) [[ a scythe; a robe; a scythe; a robe
b - a +4 blowgun (weapon)
The hound bites you but does no damage.
Aim: a hound (lightly wounded)
You shoot a poisoned needle.
The poisoned needle barely misses the hound.
The poisoned needle barely misses the hornet.
The hound bites you.
You take 3 damage, and have 23/55 hp.
Aim: a hound (lightly wounded)
You shoot a poisoned needle. The poisoned needle hits the hound.
The hound is poisoned.
The hound bites you. The hound misses you.
You take 1 damage, and have 22/55 hp.
Aim: a hound (moderately wounded, poisoned)
You shoot a poisoned needle. The poisoned needle hits the hound.
The hound looks even sicker.
The hound bites you.
You take 1 damage, and have 21/55 hp.
Aim: a hound (moderately wounded, poisoned)
You shoot a poisoned needle. The poisoned needle hits the hound.
The hound looks even sicker.
The hound closely misses you. The hound bites you but does no damage.
Firing (i - inventory): No suitable missiles.
Aim: a hound (heavily wounded, poisoned)
Okay, then.
The hound bites you.
You take 3 damage, and have 18/55 hp.
You are now empty-clawed.
You kill the hound!
The hornet closely misses you. The hornet stings you!
* * * LOW HITPOINT WARNING * * *
The hornet stings you.
You die...

..g..# #................).....#
#)##g#####...#..#.....)##.##.##..
gg.#.g.g.....####..........#.###.
...#.#####...####.##.##.#.##.###.
####.# #........##.##........#.
#.##.# ##........#####..........
#.##.# #..........#.#..##..##...
#.##.## #...#.#.........##..##...
#.....###...#...@.......######...
#.##..##....#)###y......######...
#..<..##(.....()...###...#..#...#
#.##..##.#..######.###...........
÷...............................#
#..#......#.#....#.###.........##
...#.#....#.#.##.#.###.###...#.##
...............#.#...#.####..#.##
...............................##


You could see a hornet.

Vanquished Creatures
  The ghost of Malvoorn the Skirmisher, an amateur DsBe of Trog (D:3)
  A hound (D:4)
  Crazy Yiuf (D:2)
  An iguana (D:4)
  2 orc wizards (D:3)
  2 worker ants (D:4)
  5 adders
  7 gnolls
  An adder zombie (D:3)
  3 worms (D:2)
  2 dart slugs
  4 leopard geckos
  11 orcs
  6 giant cockroaches
  11 goblins
  11 hobgoblins
  4 jackals (D:2)
  2 quokkas
  15 bats
  4 frilled lizards
  17 kobolds
  8 rats
119 creatures vanquished.

Notes
Turn   | Place    | Note
-------+----------+-------------------------------------------
     0 | D:1      | Gorglomux the Ghoul Artificer began the quest for the Orb.
     0 | D:1      | Reached XP level 1. HP: 16/16 MP: 1/1
   439 | D:1      | Reached skill level 1 in Unarmed Combat
   468 | D:1      | Reached XP level 2. HP: 22/23 MP: 3/3
   516 | D:1      | Reached skill level 2 in Unarmed Combat
   963 | D:1      | Reached XP level 3. HP: 24/29 MP: 4/4
   975 | D:1      | Reached skill level 2 in Fighting
  1480 | D:2      | Reached skill level 3 in Unarmed Combat
  1619 | D:2      | Found a runed door.
  1732 | D:2      | Reached XP level 4. HP: 36/36 MP: 5/5
  2141 | D:2      | Noticed Crazy Yiuf
  2144 | D:2      | Killed Crazy Yiuf
  2144 | D:2      | Reached skill level 4 in Unarmed Combat
  2284 | D:3      | Reached XP level 5. HP: 18/41 MP: 6/6
  2341 | D:3      | Noticed Malvoorn's ghost (amateur DsBe)
  2394 | D:3      | Reached skill level 5 in Unarmed Combat
  2660 | D:3      | HP: 10/41 [Malvoorn's ghost (7)]
  3031 | D:3      | HP: 8/41 [gnoll (3)]
  3036 | D:3      | Reached XP level 6. HP: 9/48 MP: 7/7
  3115 | D:3      | Found a bloodstained altar of Trog.
  3116 | D:3      | Found a stormy altar of Qazlal.
  3181 | D:3      | Reached skill level 6 in Unarmed Combat
  3273 | D:3      | Killed Malvoorn's ghost
  3709 | D:4      | Reached skill level 7 in Unarmed Combat
  3788 | D:4      | Reached XP level 7. HP: 34/55 MP: 8/8
  4265 | D:4      | HP: 6/55 [hobgoblin/scythe (11)]
  4299 | D:4      | HP: 13/55 [hobgoblin/scythe (4)]
  4354 | D:4      | Noticed a hornet
  4371 | D:4      | HP: 2/55 [hornet (16)]
  4371 | D:4      | Slain by a hornet

Vault maps used:
D:1:      elethiomel_arrival_maze
D:2:      kennysheep_generic_room_9, uniq_crazy_yiuf_cottage
D:3:      corexii_shack_village, gammafunk_temple_overflow_pools
D:4:      tgw_xom, serial_corexii_hall, corexii_hall_statues_deadend,
          corexii_hall_statues_x, hangedman_decor_growths, sigmund_army

Skill      XL: |  1  2  3  4  5  6 |
---------------+-------------------+-----
Unarmed Combat | 1 2 3 4 5 7 |  7.8
Fighting       | 2 |  2.0
Short Blades   | |  0.8
Dodging        | |  1.7
Stealth        | |  1.1
Evocations     | |  2.6

Action                   |  1- 3 |  4- 6 |  7- 9 || total
-------------------------+-------+-------+-------++-------
Melee: Unarmed           |   157 |   222 |    38 ||   417
       Punch             |       |     2 |       ||     2
 Fire: Blowgun           |       |     1 |     4 ||     5
Evoke: Wand              |       |     2 |       ||     2
 Stab: Distracted        |     1 |       |       ||     1
  Eat: Chunk             |    11 |    15 |     7 ||    33
Armor: Leather armour    |    55 |    56 |     8 ||   119
Dodge: Dodged            |   113 |   112 |    34 ||   259

Vault maps used:
D:1:      elethiomel_arrival_maze
D:2:      kennysheep_generic_room_9, uniq_crazy_yiuf_cottage
D:3:      corexii_shack_village, gammafunk_temple_overflow_pools
D:4:      tgw_xom, serial_corexii_hall, corexii_hall_statues_deadend,
          corexii_hall_statues_x, hangedman_decor_growths, sigmund_army

Table legend:
 A = Turns spent in this place as a percentage of turns spent in the entire game.
 B = Non-inter-level travel turns spent in this place as a percentage of non-inter-level travel turns spent in the entire game.
 C = Inter-level travel turns spent in this place as a percentage of turns spent in this place.
 D = Turns resting spent in this place as a percentage of non-inter-level travel turns spent in this place.
 E = Turns spent auto-exploring this place as a percentage of non-inter-level travel turns spent in this place.
 F = Non-inter-level travel turns spent in this place divided by the number of levels of this place that you've seen.
                   A       B       C       D       E      F
               +-------+-------+-------+-------+-------+----------------------
         Total | 100.0 | 100.0 |   0.5 |   1.7 |   6.5 | 427.5
       Dungeon | 100.0 | 100.0 |   0.5 |   1.7 |   6.5 | 427.5
               +-------+-------+-------+-------+-------+----------------------

Table legend:
 A = Kills in this place as a percentage of kills in entire the game.
 B = Kills by you in this place as a percentage of kills by you in the entire game.
 C = Kills by friends in this place as a percentage of kills by friends in the entire game.
 D = Other kills in this place as a percentage of other kills in the entire game.
 E = Experience gained in this place as a percentage of experience gained in the entire game.
 F = Experience gained in this place divided by the number of levels of this place that you have seen.
                   A       B       C       D       E      F
               +-------+-------+-------+-------+-------+----------------------
         Total | 100.0 | 100.0 |  -nan |  -nan | 100.0 | 186.8
       Dungeon | 100.0 | 100.0 |  -nan |  -nan | 100.0 | 186.8
               +-------+-------+-------+-------+-------+----------------------
